 Dungeon Crawl Stone Soup version 0.32-a0-933-ga8fa3634e4 (webtiles) character file.

Game seed: 7721093719317434681

488430 Autsider the Archmage (level 23, 133/133 HPs)
             Began as a Deep Elf Conjurer on Apr 13, 2024.
             Was the Champion of Vehumet.
             Quit the game on level 3 of the Depths on Apr 14, 2024.
             The game lasted 07:13:21 (70446 turns).

Autsider the Archmage (Deep Elf Conjurer)          Turns: 70446, Time: 07:13:22

Health: 133/133    AC: 20    Str: 11    XL:     23   Next: 83%
Magic:  56/56      EV: 15    Int: 43    God:    Vehumet [******]
Gold:   5404       SH: 14    Dex: 12    Spells: 2/76 levels left

rFire   + + +        N - staff of Havoc {rPois rF+++ rCorr Str+4 Dex-4 Alchemy}
rCold   + + .        f - +3 kite shield "Amet Roy" {rPois rC+ Str+3}
rNeg    + . .        B - +3 leather armour of Vanity {Regen+ Int+2}
rPois   +            X - +2 helmet {Int+3}
rElec   .            J - +2 cloak {Will+}
rCorr   +            A - +2 pair of gloves {Dex+3}
SInv    +            t - +3 pair of mountain boots {steadfast, rC+}
Will    +++..        w - amulet of Gixt {^Drain RegenMP+ Int+3}
Stlth   ++++         S - ring of Vunus {+Blink Fly rN+}
HPRegen 1.22/turn    Z - ring of see invisible
MPRegen 0.75/turn

%: no passive effects
@: flying, studying 2 skills
A: no striking features
}: 2/15 runes: serpentine, barnacled
a: Renounce Religion, Evoke Blink


You were on level 3 of the Depths.
You worshipped Vehumet.
Vehumet was exalted by your worship.
You visited 10 branches of the dungeon, and saw 44 of its levels.
You also visited: Bailey, Gauntlet, Ice Cave, Volcano and Wizlab.

You collected 7812 gold pieces.
You spent 2408 gold pieces at shops.

Inventory:

Hand Weapons
 e - the +5 whip "Cearima" {elec, rElec Str+3}
   (You took it off a merfolk javelineer on level 4 of the Shoals)

   Str+3:     It affects your strength (+3).
   rElec:     It insulates you from electricity.
Armour
 f - the +3 kite shield "Amet Roy" (worn) {rPois rC+ Str+3}
   (You found it on level 3 of the Lair of Beasts)

   Str+3:     It affects your strength (+3).
   rC+:       It protects you from cold.
   rPois:     It protects you from poison.
 t - the +3 pair of mountain boots (worn) {steadfast, rC+}
   (You bought it in a shop on level 2 of the Orcish Mines)

   Steadfast: It prevents involuntary movement, except for blinking,
   teleportation, or banishment.
   rC+:       It protects you from cold.
 A - a +2 pair of gloves of dexterity (worn)
 B - the +3 leather armour of Vanity (worn) {Regen+ Int+2}
   (You bought it in a shop on level 2 of the Orcish Mines)

   Int+2:     It affects your intelligence (+2).
   Regen+:    It increases your rate of health regeneration.
 J - a +2 cloak of willpower (worn)
 X - a +2 helmet of intelligence (worn)
Magical Staves
 N - the staff of Havoc (weapon) {rPois rF+++ rCorr Str+4 Dex-4 Alchemy}
   (You took it off a deep elf annihilator on level 3 of the Elven Halls)

   [staff of alchemy]

   Base accuracy: +5 Base damage: 5 Base attack delay: 1.2 This weapon's minimum
   attack delay (0.6) is reached at skill level 12.
   Str+4:     It affects your strength (+4).
   Dex-4:     It affects your dexterity (-4).
   rF+++:     It renders you almost immune to fire.
   rPois:     It protects you from poison.
   rCorr:     It protects you from acid and corrosion.
   Alchemy:   It increases the power of your Alchemy spells.
   It falls into the 'Staves' category.
   It is a one-handed weapon.
Jewellery
 l - the ring of the Tortoise {AC+8}
   (You found it on level 1 of the Depths)

   [ring of protection]

   AC+8:      It affects your AC (+8).
 q - a ring of willpower
 w - the amulet of Gixt (around neck) {^Drain RegenMP+ Int+3}
   (You found it on level 2 of the Snake Pit)

   [amulet of magic regeneration]

   It increases your rate of magic regeneration.
   Int+3:     It affects your intelligence (+3).
   ^Drain:    It drains your maximum health when unequipped.
   RegenMP+:  It increases your rate of magic regeneration.
 x - a ring of wizardry
 y - an amulet of magic regeneration
 E - a ring of protection from cold
 K - a +6 ring of intelligence
 S - the ring of Vunus (left hand) {+Blink Fly rN+}
   (You found it in a Gauntlet)

   [ring of positive energy]

   rN+:       It protects you from negative energy.
   Fly:       It grants you flight.
   +Blink:    It lets you blink.
 T - the ring of Interdependent Arising {Fire Fly}
   (You took it off a deep elf master archer on level 3 of the Elven Halls)

   [ring of fire]

   Fire:      It enhances your fire magic.
   rF+:       It protects you from fire.
   rC-:       It makes you vulnerable to cold.
   Fly:       It grants you flight.
 Z - a ring of see invisible (right hand)
Wands
 a - a wand of polymorph (11)
 g - a wand of acid (18)
 u - a wand of charming (52)
 v - a wand of digging (11)
 O - a wand of mindburst (12)
 Q - a wand of warping (43)
Scrolls
 c - 14 scrolls of teleportation {@r2}
 h - 12 scrolls of fog
 m - a scroll of brand weapon
 n - 9 scrolls of vulnerability
 o - 8 scrolls of butterflies
 p - 3 scrolls of enchant weapon
 z - 4 scrolls of amnesia
 C - 7 scrolls of blinking
 D - 4 scrolls of revelation
 H - 8 scrolls of immolation
 I - 14 scrolls of fear
Potions
 b - 3 potions of magic
 d - 5 potions of haste
 i - 18 potions of curing {@q1}
 j - 13 potions of heal wounds {@q2}
 k - 6 potions of lignification
 r - 13 potions of brilliance
 s - 10 potions of enlightenment
 G - 4 potions of resistance
 R - 2 potions of invisibility
 W - 7 potions of cancellation
Miscellaneous
 P - a lightning rod (4/4)
 V - a phantom mirror


   Skills:
 + Level 10.9 Fighting
 - Level 10.0 Staves
 - Level 5.0 Armour
 + Level 16.0 Dodging
 - Level 10.0 Stealth
 - Level 10.0 Shields
 O Level 27 Spellcasting
 - Level 15.0 Conjurations
 - Level 6.0 Hexes
 - Level 10.0 Summonings
 - Level 4.0 Translocations
 - Level 16.0 Fire Magic
 - Level 18.0 Ice Magic
 - Level 14.0 Air Magic
 + Level 8.1 Earth Magic
 - Level 5.0 Alchemy
 - Level 10.0 Evocations


You had 2 spell levels left.
You knew the following spells:

 Your Spells              Type           Power      Damage    Failure   Level
a - Magic Dart            Conj           100%       1d8       0%          1
b - Fireball              Conj/Fire      56%        3d22      1%          5
c - Fulminant Prism       Conj/Alch      60%        3d26      1%          4
d - Starburst             Conj/Fire      56%        6d15      1%          6
e - Freezing Cloud        Conj/Ice/Air   56%        6-21      1%          5
f - Plasma Beam           Fire/Air       56%        2x1d71    1%          6
g - Lee's Rapid Deconstr  Erth           45%        3d22*     1%          5
h - Maxwell's Capacitive  Air            54%        ∞         5%          8
i - Permafrost Eruption   Ice/Erth       53%        2x4d12    1%          6
u - Iskenderun's Mystic   Conj/Tloc      96%        2d19      (+2d11%     4
w - Mephitic Cloud        Conj/Alch/Air  100%       N/A       1%          3
x - Searing Ray           Conj           100%       2d8       0%          2
z - Blink                 Tloc           100%       N/A       1%          2
A - Iskenderun's Battles  Conj           100%       2d15      1%          5
B - Spellforged Servitor  Conj/Summ      52%        N/A       1%          7
C - Yara's Violent Unrav  Hex/Alch       51%        3d20      1%          5

Your spell library contained the following spells:

 Spells                   Type           Power      Damage    Failure   Level
 Chain Lightning          Conj/Air       55%        3d73      50%         9
 Shatter                  Erth           45%        3d35*     99%         9
 Sting                    Conj/Alch      100%       1d9       0%          1
 Summon Small Mammal      Summ           100%       N/A       0%          1
 Apportation              Tloc           100%       N/A       1%          1
 Kiss of Death            Conj/Necr      100%       2d13      1%          1
 Necrotise                Necr           100%       1d9       1%          1
 Slow                     Hex            100%       N/A       1%          1
 Call Imp                 Summ           100%       N/A       1%          2
 Cigotuvi's Dreadful Rot  Necr/Alch/Air  100%       N/A       1%          2
 Jinxbite                 Hex            100%       N/A       1%          2
 Lesser Beckoning         Tloc           100%       N/A       1%          2
 Mercury Vapours          Alch/Air       100%       N/A       1%          2
 Momentum Strike          Conj/Tloc      100%       3d10      1%          2
 Sublimation of Blood     Necr           55%        N/A       1%          2
 Frozen Ramparts          Ice            100%       1d16      0%          3
 Hailstorm                Conj/Ice       100%       3d16      0%          3
 Ozocubu's Armour         Ice            100%       N/A       0%          3
 Stone Arrow              Conj/Erth      100%       3d13      0%          3
 Summon Ice Beast         Ice/Summ       100%       N/A       0%          3
 Call Canine Familiar     Summ           97%        N/A       1%          3
 Confusing Touch          Hex            83%        N/A       1%          3
 Dazzling Flash           Conj/Hex       100%       N/A       1%          3
 Inner Flame              Hex/Fire       100%       N/A       1%          3
 Passwall                 Erth           91%        N/A       1%          3
 Sigil of Binding         Hex            83%        N/A       1%          3
 Teleport Other           Tloc           75%        N/A       1%          3
 Tukima's Dance           Hex            83%        N/A       1%          3
 Volatile Blastmotes      Fire/Tloc      100%       2d18      1%          3
 Animate Armour           Summ/Erth      100%       N/A       1%          4
 Brom's Barrelling Bould  Conj/Erth      100%       2d11      1%          4
 Cause Fear               Hex            41%        N/A       1%          4
 Dimensional Bullseye     Hex/Tloc       39%        N/A       1%          4
 Martyr's Knell           Necr/Summ      79%        N/A       1%          4
 Olgreb's Toxic Radiance  Alch           100%       N/A       1%          4
 Passage of Golubria      Tloc           75%        N/A       1%          4
 Petrify                  Alch/Erth      100%       N/A       1%          4
 Summon Blazeheart Golem  Fire/Summ      100%       N/A       1%          4
 Summon Lightning Spire   Summ/Air       100%       N/A       1%          4
 Vhi's Electric Charge    Tloc/Air       100%       N/A       1%          4
 Irradiate                Conj/Alch      60%        3d31      1%          5
 Metabolic Englaciation   Hex/Ice        51%        N/A       1%          5
 Silence                  Hex/Air        48%        N/A       1%          5
 Summon Forest            Summ/Tloc      43%        N/A       1%          5
 Summon Mana Viper        Hex/Summ       91%        N/A       1%          5
 Bombard                  Conj/Erth      51%        9d9       1%          6
 Conjure Ball Lightning   Conj/Air       55%        3x3d20    1%          6
 Sculpt Simulacrum        Ice/Alch       62%        N/A       1%          6
 Orb of Destruction       Conj           56%        9d14      1%          7
 Ozocubu's Refrigeration  Ice            59%        4d20      1%          7
 Fugue of the Fallen      Necr           55%        N/A       2%          3
 Vampiric Draining        Necr           55%        2d9       2%          3
 Anguish                  Hex/Necr       35%        N/A       2%          4
 Summon Cactus Giant      Summ           48%        N/A       2%          6
 Ignition                 Fire           57%        3d16      2%          8
 Alistair's Intoxication  Alch           66%        N/A       3%          5
 Borgnjor's Vile Clutch   Necr/Erth      37%        N/A       4%          5
 Eringya's Noxious Bog    Alch           50%        4d6       4%          6
 Dispel Undead            Necr           55%        3d20      9%          4
 Summon Hydra             Summ           48%        N/A       12%         7
 Lehudib's Crystal Spear  Conj/Erth      51%        10d12     13%         8
 Polar Vortex             Ice            59%        12d7*     16%         9
 Curse of Agony           Necr           55%        N/A       24%         5
 Dispersal                Tloc           37%        N/A       26%         6
 Gell's Gavotte           Tloc           37%        2d(28-41) 26%         6
 Enfeeble                 Hex            41%        N/A       54%         7
 Haunt                    Necr/Summ      39%        N/A       67%         7
 Death Channel            Necr           27%        N/A       80%         6
 Manifold Assault         Tloc           37%        N/A       82%         7
 Borgnjor's Revivificati  Necr           27%        N/A       100%        8
 Death's Door             Necr           27%        N/A       100%        9
 Dragon's Call            Summ           48%        N/A       100%        9


Dungeon Overview and Level Annotations

Branches:
Dungeon (15/15)            Temple (1/1) D:7            Lair (5/5) D:9
 Shoals (4/4) Lair:3        Snake (4/4) Lair:3        Slime (0/5) Lair:5
    Orc (2/2) D:11            Elf (3/3) Orc:2        Vaults (4/5) D:13
  Crypt (3/3) Vaults:2       Tomb (0/3) Crypt:3      Depths (3/4) D:15
 Bailey (visited)           IceCv (visited)         Volcano (visited)
 WizLab (visited)         Gauntlet (visited)

Altars:
Ashenzari
Cheibriados
Dithmenos
Elyvilon
Fedhas
Gozag
Hepliaklqana
Kikubaaqudgha
Makhleb
Nemelex Xobeh
Okawaru
Qazlal
Ru
Sif Muna
Trog
Uskayaw
Vehumet
Wu Jian
Xom
Yredelemnul
Zin
The Shining One
Beogh
Jiyva
Lugonu

Shops:
D:1 ?   D:2 [   D:10 *   D:14 (   Orc:2 [[(**=*[=   Elf:1 (*!   Elf:2 [
Shoals:1 :(??:   Shoals:3 !   Snake:1 :[((   Vaults:2 !   Vaults:4 :

Portals:
Hell: Depths:1 Depths:2
Abyss: Lair:5
Pandemonium: Orc:2 Depths:1 Depths:2
Ziggurat: Depths:2

Annotations:
D:3 exclusion: downstairs
D:8 exclusion: downstairs
D:11 exclusion: downstairs
D:13 exclusion: downstairs
D:14 1 runed translucent door, exclusion: downstairs, Roesadwodu's ghost, journeyman GrEE
Lair:3 exclusion: downstairs
Shoals:3 exclusions: 2 downstairs and 1 more exclusion
Snake:1 exclusion: downstairs
Vaults:3 exclusion: downstairs
Vaults:4 Mennas
Depths:1 2 transporters, Deaqeck's ghost, veteran DgCj
Depths:2 exclusion: downstairs
Depths:3 Norris


Message History

Confirm with . or Enter, or press ? or * to list all spells.
You erupt in a blast of force!
The mystic blast hits the deep troll!!
You kill the deep troll!
Vehumet accepts your kill.
You feel your power returning.
The mystic blast hits the iron troll!
The iron troll is lightly wounded.
The iron troll is knocked back by the mystic blast.
The iron troll slams into the rock wall.
The mystic blast hits Norris!!
Norris is severely wounded.
Norris is knocked back by the mystic blast.
The mystic blast hits your spellforged servitor!
Your spellforged servitor is severely damaged.
Your spellforged servitor is knocked back by the mystic blast.
The mystic blast hits the skyshark!
The skyshark is almost dead.
The skyshark is knocked back by the mystic blast.
A shadow dragon comes into view.
The fire dragon breathes flames at you. The blast of flame hits you.
You resist.
* * * LOW HITPOINT WARNING * * *
A fire giant comes into view.
It is wielding a +2 great sword of flaming.
Your spellforged servitor casts a spell.
The bolt of lightning hits the skyshark!!!
The skyshark dies!
Vehumet accepts your kill.
You hear a shout!
You hear a deafening roar!
You fly upwards.
There is a stone staircase leading down here.
You start resting.
Magic restored.
You start resting.
HP restored.
There is a stone staircase leading down here.
You fly downwards.
Level annotation: Norris You hear a grinding noise.
There is a stone staircase leading up here.
There are monsters nearby!
Are you sure you want to abandon this character and quit the game? (Confirm with "yes".)

m.. .u .. ≈ .
~≈ .#####.~~
##......E.
##........~
#..@.......
...............
####...........
###.#....... ##
.....~. #......
####.. ..


You could see a cyan very ugly thing, a merfolk javelineer (wandering) and a
water elemental (wandering).

Vanquished Creatures
  A dread lich (Crypt:3)
  Vashnia (Snake:2)
  Vv (Crypt:3)
  2 golden dragons (Depths:2)
  Nikola (Vaults:1)
  2 bone dragons (Crypt:3)
  A hellephant (Depths:1)
  Jorgrun (D:13)
  Rupert (D:14)
  4 liches
  2 krakens
  3 deep elf blademasters
  2 deep elf master archers (Elf:3)
  5 sphinxes
  A titan (Depths:2)
  10 ancient champions
  Donald (Snake:1)
  The ghost of ViolentViolet the Marksdemonspawn, an adept DsAl of Hepliaklqana (Vaults:3)
  2 tentacled starspawn (WizLab)
  Frances (Shoals:2)
  Aizul (Snake:2)
  The ghost of Casseolirch the Earth Mage, an adept GrEE of Vehumet (Snake:2)
  5 nagarajas
  The ghost of Hans the Brawler, a journeyman TrSh of Elyvilon (Orc:1)
  A storm dragon (Depths:2)
  A revenant (Crypt:3)
  An iron dragon (Depths:1)
  A rockslime (IceCv)
  5 deep elf sorcerers
  3 azure jellies (IceCv)
  3 frost giants (Depths:2)
  7 fire giants
  5 vault wardens
  An angel (Shoals:4)
  4 deep elf elementalists (Elf:3)
  2 reapers (Crypt:2)
  An orc warlord (Vaults:3)
  A curse skull (Crypt:1)
  3 caustic shrike skeletons (Crypt:3)
  5 quicksilver oozes (IceCv)
  3 demonspawn corrupters (WizLab)
  3 ghouls
  16 ironbound preservers
  4 ironbound thunderhulks
  4 formless jellyfish
  16 very ugly things
  8 stone giants
  5 vampire knights
  6 deep elf demonologists
  Nessos (Lair:5)
  5 dire elephants
  Azrael (D:12)
  6 deep elf annihilators (Elf:3)
  5 deep elf death magi
  4 eidola
  5 ettins
  7 merfolk impalers
  The ghost of Hans the Nimble, a journeyman MfSh of Wu Jian (D:12)
  2 entropy weavers
  The ghost of Autsider the Fighter, a journeyman OnHW of Sif Muna (D:9)
  10 merfolk javelineers
  A crystal guardian (Vaults:3)
  9 jiangshi (Crypt:1)
  9 yaktaur captains
  9 deep elf high priests
  A spriggan zombie (Crypt:2)
  9 fire dragons
  4 great orbs of eyes
  9 vault guards
  A quicksilver dragon skeleton (Crypt:3)
  10 hydras
  A peacekeeper (Vaults:3)
  5 salamander tyrants
  4 spriggan skeletons (Crypt:3)
  7 merfolk aquamancers
  3 rakshasas
  5 ironbound frosthearts
  A merfolk avatar (Shoals:1)
  4 spriggan air magi
  3 alligator snapping turtles
  A fenstrider witch skeleton (Crypt:2)
  2 ogre magi (Vaults:3)
  4 boulder beetles
  2 demonspawn (Orc:2)
  2 catoblepae
  8 two-headed ogres
  4 death knights
  33 dancing weapons
  21 anacondas
  5 hell hogs (Depths:1)
  7 centaur warriors
  A satyr (Shoals:2)
  2 deep troll earth magi
  A quicksilver ooze zombie (Crypt:2)
  2 tengu warriors
  15 death yaks
  A deep troll shaman (Depths:2)
  3 thrashing horrors (Lair:5)
  8 vampire magi
  A bennu skeleton (Crypt:2)
  2 spriggan berserkers (Depths:2)
  5 occultists
  9 shock serpents
  7 orc high priests
  11 soul eaters
  10 naga sharpshooters
  6 skysharks
  4 hell knights (Depths:2)
  12 deep elf knights
  18 naga warriors
  5 salamander mystics
  A shadow wraith (Crypt:3)
  35 deep trolls
  9 iron trolls (Depths:1)
  41 skeletal warriors
  3 cherubim (Shoals:4)
  3 shadow demons (Elf:2)
  24 sea snakes
  8 deep elf archers
  6 mana vipers
  A quicksilver dragon simulacrum (Depths:1)
  A bunyip skeleton (Crypt:3)
  9 naga ritualists
  4 flayed ghosts
  10 phantasmal warriors
  2 glowing orange brains
  12 arcanists
  17 lindwurms
  14 deep elf pyromancers
  5 necromancers
  16 ironbound convokers
  A bog body (Crypt:3)
  4 thermic dynamos (Elf:1)
  2 orange crystal statues
  An obsidian bat (Orc:2)
  8 harpies
  An anaconda skeleton (Crypt:3)
  An oklob plant (Lair:4)
  18 deep elf zephyrmancers
  9 orc knights
  2 frost giant zombies
  4 large abominations (Lair:5)
  10 orc sorcerers
  5 fauns
  A fire giant zombie (Depths:1)
  13 manticores
  36 ugly things
  5 cyclopes
  An eleionoma zombie (Crypt:3)
  4 worldbinders (WizLab)
  A centaur zombie (Crypt:2)
  23 salamanders
  A moth of wrath (Gauntlet)
  16 elephants
  5 toenail golems (Volcano)
  15 guardian serpents
  A stone giant skeleton (Crypt:3)
  A kobold blastminer (Orc:2)
  11 vault sentinels
  44 black mambas
  16 naga magi
  4 merfolk sirens
  4 gargoyles
  2 rust devils (Orc:2)
  5 water nymphs
  12 cane toads
  An alligator snapping turtle zombie (Crypt:1)
  A centaur skeleton (Crypt:1)
  A naga skeleton (Crypt:3)
  3 dire elephant skeletons (Crypt:3)
  9 freezing wraiths
  31 yaktaurs
  4 kobold demonologists
  5 komodo dragons
  A minotaur skeleton (Crypt:1)
  Psyche (D:8)
  A red devil (Orc:2)
  4 efreet
  4 polar bears
  A sea snake skeleton (Crypt:3)
  4 guardian mummies (Crypt:3)
  A hornet (D:7)
  A polar bear (shapeshifter) (Lair:5)
  7 wind drakes
  5 trolls
  34 blink frogs
  25 merfolk
  Grinder (D:3)
  Prince Ribbit (Bailey)
  4 harpy skeletons (Crypt:3)
  2 hydra skeletons (Crypt:3)
  A raiju (Lair:5)
  An ettin zombie (Crypt:2)
  12 dream sheep
  A jumping spider zombie (Crypt:3)
  9 snapping turtles
  4 air elementals
  A centaur simulacrum (D:14)
  A frost giant simulacrum (Depths:1)
  66 slime creatures
  Sigmund (D:4)
  A black mamba zombie (Crypt:2)
  An ice dragon skeleton (Crypt:2)
  2 vampires
  4 ynoxinuls
  19 shadows
  9 water elementals
  A spriggan (shapeshifter) (Lair:5)
  A spriggan (Lair:5)
  2 black mamba skeletons (Crypt:3)
  52 yaks
  5 wyverns
  17 humans
  12 wraiths
  8 basilisks
  5 fire elementals
  4 golden eyes (WizLab)
  5 wargs
  7 redbacks
  A redback simulacrum (D:14)
  2 steam dragons
  4 chaos spawn
  8 vampire mosquitoes
  42 nagas
  7 small abominations (Lair:5)
  Menkaure (D:4)
  2 acid dragons
  5 great orb of eyes simulacra (IceCv)
  6 hell hounds (D:12)
  10 water moccasins
  An ice beast (D:8)
  34 orc warriors
  2 sky beasts
  4 black bears
  A two-headed ogre skeleton (Crypt:2)
  A demonspawn skeleton (Crypt:3)
  24 laughing skulls
  6 ogres
  7 boggarts
  22 wolves
  3 slime creature simulacra (IceCv)
  2 centaurs
  A hog skeleton (Crypt:1)
  A dream sheep skeleton (Crypt:1)
  3 kobold brigands
  An elf zombie (Crypt:1)
  2 gnoll sergeants
  16 bullfrogs
  3 earth elementals
  4 glowing shapeshifter simulacra (IceCv)
  3 scorpions
  A naga simulacrum (Crypt:1)
  9 wights
  6 killer bees (D:10)
  5 howler monkeys
  A vampire bat (D:3)
  2 electric eels (Lair:4)
  A lava snake (D:7)
  A wolf zombie (Crypt:3)
  A basilisk zombie (Crypt:1)
  3 hounds
  5 jellies (Lair:5)
  23 orc priests
  Crazy Yiuf (D:7)
  4 gnoll boudas
  3 iguanas
  23 orc wizards
  An acid dragon skeleton (Crypt:2)
  31 gnolls
  5 river rats (D:3)
  9 adders
  A howler monkey skeleton (Crypt:3)
  A swamp drake skeleton (Crypt:3)
  A shadow imp (Gauntlet)
  A white imp (D:6)
  2 ufetubi (D:6)
  A lava snake skeleton (Crypt:2)
  An adder zombie (Crypt:1)
  4 ribbon worms
  3 fire bats (D:3)
  71 orcs
  2 spectral bats (D:3)
  11 bats (D:3)
  3 bat skeletons (D:3)
  A bat zombie (D:3)
  5 endoplasms
  4 giant cockroaches
  4 goblins
  8 hobgoblins
  2 jackals (D:5)
  5 quokkas
  A river rat zombie (Crypt:1)
  3 training dummies (D:14)
  2 ball pythons
  A bat simulacrum (D:3)
  A dart slug zombie (Crypt:3)
  An endoplasm zombie (Crypt:1)
  4 frilled lizards (D:2)
  A frilled lizard skeleton (Crypt:2)
  A jackal zombie (Crypt:3)
  24 kobolds
  6 rats
  3 butterflies
  2 fulminant prisms
  A starspawn tentacle (WizLab)
  9 tentacles
1982 creatures vanquished.

Vanquished Creatures (collateral kills)
  A titan (Depths:2)
  A very ugly thing (Depths:2)
  A merfolk javelineer (Depths:3)
  A deep troll earth mage (Depths:2)
  An occultist (Depths:2)
  A skyshark (Depths:3)
  A necromancer (Depths:3)
  An ugly thing (Depths:2)
8 creatures vanquished.

Vanquished Creatures (others)
  A vault guard (D:13)
  A deep elf knight (Elf:1)
  A deep troll (Depths:3)
  A blink frog (Lair:3)
  105 fulminant prisms
  4 starspawn tentacles (WizLab)
  31 tentacles
144 creatures vanquished.

Grand Total: 2134 creatures vanquished

Notes
Turn   | Place    | Note
-------+----------+-------------------------------------------
     0 | D:1      | Autsider the Deep Elf Conjurer began the quest for the Orb.
     0 | D:1      | Reached XP level 1. HP: 10/10 MP: 6/6
   471 | D:1      | Found Ziwusmu's Magic Scroll Shoppe.
   869 | D:2      | Reached XP level 2. HP: 15/15 MP: 4/8
  1078 | D:2      | Learned a level 2 spell: Searing Ray
  1083 | D:2      | Reached skill level 5 in Conjurations
  1286 | D:2      | Found a blossoming altar of Fedhas.
  1324 | D:2      | Found Piovapt's Antique Armour Emporium.
  1715 | D:3      | Reached XP level 3. HP: 19/19 MP: 8/10
  1719 | D:3      | Learned a level 3 spell: Mephitic Cloud
  1853 | D:3      | Learned a level 2 spell: Blink
  1873 | D:3      | Reached skill level 4 in Spellcasting
  1873 | D:3      | Reached XP level 4. HP: 24/24 MP: 1/12
  1960 | D:3      | Reached skill level 1 in Translocations
  1984 | D:3      | Reached skill level 1 in Air Magic
  2096 | D:3      | Reached skill level 1 in Alchemy
  2372 | D:3      | Noticed Grinder
  2420 | D:3      | Found a faded altar of an unknown god.
  2717 | D:3      | Reached XP level 5. HP: 27/28 MP: 4/13
  3602 | D:4      | Reached XP level 6. HP: 32/32 MP: 9/15
  3767 | D:4      | Found a glowing golden altar of the Shining One.
  3959 | D:4      | Reached skill level 5 in Spellcasting
  4033 | D:4      | Noticed Sigmund
  4053 | D:4      | Killed Sigmund
  4054 | D:4      | Reached XP level 7. HP: 36/36 MP: 4/17
  4383 | D:4      | Noticed Menkaure
  4420 | D:5      | Entered Level 5 of the Dungeon
  5037 | D:5      | Reached skill level 6 in Spellcasting
  5129 | D:5      | Learned a level 4 spell: Fulminant Prism
  5134 | D:5      | Learned a level 4 spell: Iskenderun's Mystic Blast
  5329 | D:5      | Reached XP level 8. HP: 41/41 MP: 12/19
  6030 | D:6      | Reached skill level 7 in Spellcasting
  6320 | D:6      | Reached skill level 1 in Fire Magic
  6416 | D:6      | You fall into a shaft and drop 1 floor!
  6439 | D:7      | Found a runed translucent door.
  6440 | D:7      | Noticed Crazy Yiuf
  6494 | D:7      | Noticed a hornet
  6504 | D:7      | Killed a hornet
  6583 | D:7      | Reached XP level 9. HP: 43/45 MP: 11/22
  6607 | D:7      | Reached skill level 8 in Spellcasting
  6607 | D:7      | Reached skill level 10 in Conjurations
  6703 | D:7      | Found a flagged portal.
  6714 | Bailey   | Entered a bailey
  6748 | Bailey   | Reached skill level 9 in Spellcasting
  6878 | Bailey   | Noticed Prince Ribbit
  6885 | Bailey   | Reached skill level 5 in Fire Magic
  6885 | Bailey   | Killed Prince Ribbit
  6886 | Bailey   | Reached skill level 10 in Spellcasting
  6892 | Bailey   | Learned a level 5 spell: Freezing Cloud
  6895 | Bailey   | Noticed a vault guard
  6903 | Bailey   | Reached skill level 1 in Fighting
  6932 | Bailey   | Killed a vault guard
  6933 | Bailey   | Reached XP level 10. HP: 51/53 MP: 2/26
  6998 | Bailey   | Noticed a vault guard
  7169 | Bailey   | Killed a vault guard
  7353 | D:7      | Reached skill level 5 in Stealth
  7920 | D:7      | Found a staircase to the Ecumenical Temple.
  7932 | Temple   | Entered the Ecumenical Temple
  7971 | Temple   | Became a worshipper of Vehumet
  8195 | D:7      | Reached skill level 5 in Dodging
  8279 | D:7      | Killed Crazy Yiuf
  8673 | D:4      | Killed Menkaure
  9273 | D:4      | Found a burning altar of Makhleb.
  9482 | D:3      | Killed Grinder
  9727 | D:8      | Learned a level 6 spell: Starburst
  9736 | D:8      | Identified the +1 war axe "Cadiv" {pain, *Slow rC+ Str+3
                  | Dex+3}
  9891 | D:8      | Noticed Psyche
  9894 | D:8      | Killed Psyche
 10462 | D:9      | Noticed a two-headed ogre
 10468 | D:9      | Killed a two-headed ogre
 10468 | D:9      | Reached * piety under Vehumet
 10468 | D:9      | Offered knowledge of Freeze by Vehumet.
 10608 | D:9      | Reached XP level 11. HP: 56/61 MP: 2/27
 10870 | D:9      | Noticed Autsider's ghost (journeyman OnHW)
 10877 | D:9      | Found a runed translucent door.
 11022 | D:9      | Found a staircase to the Lair.
 11210 | D:10     | Entered Level 10 of the Dungeon
 11551 | D:10     | Found Zosseajy's Assorted Antiques.
 11562 | D:10     | Bought an emerald ring for 155 gold pieces
 11562 | D:10     | Bought a murky silvery potion for 27 gold pieces
 11562 | D:10     | Bought a scroll of identify for 62 gold pieces
 11688 | D:10     | Reached ** piety under Vehumet
 11688 | D:10     | Offered knowledge of Shock by Vehumet.
 12642 | D:2      | Bought a runed helmet for 120 gold pieces
 12721 | D:1      | Bought a scroll of teleportation for 36 gold pieces
 12721 | D:1      | Bought a scroll of fear for 48 gold pieces
 12721 | D:1      | Bought a scroll of teleportation for 36 gold pieces
 12951 | D:9      | Killed Autsider's ghost
 13147 | D:11     | Reached skill level 1 in Earth Magic
 13147 | D:11     | Reached skill level 1 in Evocations
 13201 | D:11     | Reached skill level 5 in Fighting
 13206 | D:11     | Offered knowledge of Static Discharge by Vehumet.
 13539 | D:11     | Noticed a two-headed ogre
 13566 | D:11     | Killed a two-headed ogre
 13890 | D:11     | Found a staircase to the Orcish Mines.
 14053 | D:12     | Noticed Azrael
 14172 | D:12     | Noticed a brown ugly thing
 14236 | D:12     | Noticed a two-headed ogre
 14243 | D:12     | Killed a two-headed ogre
 14365 | D:12     | Reached *** piety under Vehumet
 14367 | D:12     | Reached XP level 12. HP: 59/68 MP: 13/28
 14451 | D:12     | Killed Azrael
 14611 | D:12     | Offered knowledge of Volatile Blastmotes by Vehumet.
 14736 | D:12     | Found a large runed translucent door.
 14737 | D:12     | Found a large runed translucent door.
 14738 | D:12     | Noticed Hans's ghost (journeyman MfSh)
 14859 | D:12     | Found a shimmering blue altar of Sif Muna.
 14985 | Lair:1   | Entered Level 1 of the Lair of Beasts
 15121 | Lair:1   | Reached skill level 10 in Fire Magic
 15758 | Lair:2   | Reached skill level 10 in Stealth
 15811 | Lair:2   | Found a gate leading to a gauntlet.
 15828 | Gauntlet | Entered a Gauntlet
 15828 | Gauntlet | Found a transporter.
 15828 | Gauntlet | Found a transporter.
 15828 | Gauntlet | Found a large runed translucent door.
 15828 | Gauntlet | Found a large runed translucent door.
 15828 | Gauntlet | Found a large runed translucent door.
 15828 | Gauntlet | Found a large runed translucent door.
 15828 | Gauntlet | Found a large runed translucent door.
 15828 | Gauntlet | Found a large runed translucent door.
 15828 | Gauntlet | Found a runed translucent door.
 15828 | Gauntlet | Found a runed translucent door.
 15828 | Gauntlet | Found a large runed translucent door.
 15828 | Gauntlet | Found a large runed translucent door.
 15828 | Gauntlet | Found a large runed translucent door.
 15828 | Gauntlet | Found a large runed translucent door.
 15828 | Gauntlet | Found a large runed translucent door.
 15828 | Gauntlet | Found a large runed translucent door.
 15837 | Gauntlet | Found a transporter.
 15837 | Gauntlet | Found a transporter.
 15861 | Gauntlet | Found a transporter.
 15871 | Gauntlet | Found a transporter.
 15871 | Gauntlet | Found a transporter.
 15875 | Gauntlet | Found a transporter.
 15889 | Gauntlet | Noticed a cacodemon
 15902 | Gauntlet | Found a transporter.
 15909 | Gauntlet | Found a transporter.
 15922 | Gauntlet | Found a large runed translucent door.
 15923 | Gauntlet | Found a large runed translucent door.
 15925 | Gauntlet | Found a runed translucent gate.
 15926 | Gauntlet | Found a runed translucent gate.
 15927 | Gauntlet | Found a runed translucent gate.
 15927 | Gauntlet | Found a transporter.
 15945 | Gauntlet | Found a large runed translucent door.
 15946 | Gauntlet | Found a large runed translucent door.
 15973 | Gauntlet | Found a transporter.
 15975 | Gauntlet | Noticed a catoblepas
 15989 | Gauntlet | Found a transporter.
 16073 | Gauntlet | Found a transporter.
 16088 | Gauntlet | Found a transporter.
 16102 | Gauntlet | Found a transporter.
 16313 | Gauntlet | Identified the ring of Cant {Fly Str-2 Int+5}
 16403 | Gauntlet | Killed a catoblepas
 16457 | Gauntlet | Reached skill level 5 in Earth Magic
 16527 | Gauntlet | Reached skill level 5 in Evocations
 16700 | Gauntlet | Identified the ring of Vunus {+Blink Fly rN+}
 16714 | Gauntlet | Identified the +5 pearl dragon scales "Xiwintob" {rN+ Str+4
                  | Int+3}
 16714 | Gauntlet | Identified the ring "Curhio" {rF+ Str+6 Int-5 Dex+4 Stlth+}
 16714 | Gauntlet | Noticed a minotaur
 16763 | Gauntlet | Identified the +0 plate armour "Dotwic" {rElec Stlth+}
 17051 | Lair:2   | Reached **** piety under Vehumet
 17060 | Lair:2   | Reached skill level 11 in Spellcasting
 17064 | Lair:2   | Reached skill level 10 in Dodging
 17172 | Lair:2   | Offered knowledge of Yara's Violent Unravelling by Vehumet.
 17182 | Lair:2   | Learned a level 5 spell: Yara's Violent Unravelling
 17244 | Lair:2   | Reached XP level 13. HP: 76/76 MP: 17/30
 18246 | D:12     | Killed Hans's ghost
 18284 | D:12     | Identified the +0 chain mail of the Monkey {Rampage rCorr}
 18319 | D:12     | Got Sif Muna's Opusculum on Guile
 18749 | Lair:3   | Reached skill level 1 in Staves
 18815 | Lair:3   | Found a staircase to the Snake Pit.
 18903 | Lair:3   | Reached skill level 12 in Spellcasting
 18958 | Lair:3   | Reached ***** piety under Vehumet
 18958 | Lair:3   | Offered knowledge of Spellforged Servitor by Vehumet.
 18967 | Lair:3   | Found a staircase to the Shoals.
 18972 | Lair:3   | Reached skill level 5 in Alchemy
 19029 | Lair:3   | Identified the +3 kite shield "Amet Roy" {rPois rC+ Str+3}
 19069 | Lair:3   | Reached skill level 1 in Shields
 19870 | Lair:4   | Found a white marble altar of Elyvilon.
 20587 | Lair:5   | Entered Level 5 of the Lair of Beasts
 20587 | Lair:5   | Found a staircase to the Slime Pits.
 20587 | Lair:5   | Found a viscous altar of Jiyva.
 20593 | Lair:5   | Reached skill level 5 in Shields
 20593 | Lair:5   | Reached XP level 14. HP: 84/84 MP: 23/32
 21016 | Lair:5   | Noticed Nessos
 21349 | Lair:5   | Offered knowledge of Fireball by Vehumet.
 21534 | Lair:5   | Killed Nessos
 21581 | Lair:5   | Learned a level 5 spell: Fireball
 21716 | Lair:5   | Reached skill level 10 in Fighting
 22109 | Lair:5   | Reached XP level 15. HP: 61/92 MP: 4/33
 22400 | Lair:5   | Found a corrupted altar of Lugonu.
 22400 | Lair:5   | Found a one-way gate to the infinite horrors of the Abyss.
 23155 | D:13     | Noticed Jorgrun
 23162 | D:13     | Killed Jorgrun
 23312 | D:13     | Identified the +1 plate armour of Honour {Regen+ Slay+5}
 23385 | D:13     | Found a gate to the Vaults.
 23687 | D:14     | Noticed Rupert
 23778 | D:14     | Killed Rupert
 23779 | D:14     | Reached skill level 10 in Shields
 23779 | D:14     | Reached skill level 13 in Spellcasting
 23985 | D:14     | Found Fukhau's Firing Range.
 24066 | D:14     | Offered knowledge of Conjure Ball Lightning by Vehumet.
 24337 | D:14     | Found a runed translucent door.
 24337 | D:14     | Noticed Roesadwodu's ghost (journeyman GrEE)
 24345 | D:14     | Reached skill level 5 in Staves
 24636 | D:15     | Entered Level 15 of the Dungeon
 24832 | D:15     | Found a staircase to the Depths.
 25353 | D:15     | Found a shimmering altar of Xom.
 25353 | D:15     | Found a shimmering altar of Xom.
 25354 | D:15     | Found a shimmering altar of Xom.
 25354 | D:15     | Found a shimmering altar of Xom.
 25354 | D:15     | Found a shimmering altar of Xom.
 25932 | D:9      | Learned a level 5 spell: Iskenderun's Battlesphere
 26008 | Orc:1    | Entered Level 1 of the Orcish Mines
 26155 | Orc:1    | Reached skill level 14 in Spellcasting
 26160 | Orc:1    | Reached skill level 1 in Hexes
 26241 | Orc:1    | Found a runed translucent door.
 26428 | Orc:1    | You fall into a shaft and drop 1 floor!
 26428 | Orc:2    | Entered Level 2 of the Orcish Mines
 26429 | Orc:2    | Found a staircase to the Elven Halls.
 26459 | Orc:1    | Found a roughly hewn altar of Beogh.
 26747 | Orc:1    | Noticed Hans's ghost (journeyman TrSh)
 26771 | Orc:1    | Killed Hans's ghost
 26838 | Orc:2    | Found Hegryn's Assorted Antiques.
 26847 | Orc:2    | Found a dark tunnel.
 26856 | Volcano  | Entered a volcano
 27559 | Orc:2    | Offered knowledge of Arcjolt by Vehumet.
 27565 | Orc:2    | Learned a level 1 spell: Magic Dart
 27656 | Orc:2    | Reached ****** piety under Vehumet
 27670 | Orc:2    | Found Urghychit's Antique Weapon Shop.
 27864 | Orc:2    | Found Irphulawe's General Store.
 27868 | Orc:2    | Found Wouth's General Store.
 27927 | Orc:2    | Bought a scroll of identify for 22 gold pieces
 28060 | Orc:2    | Reached XP level 16. HP: 97/97 MP: 18/36
 28278 | Orc:2    | Offered knowledge of Permafrost Eruption by Vehumet.
 28384 | Orc:2    | Found Fyina's Jewellery Emporium.
 28579 | Orc:2    | Reached skill level 5 in Hexes
 28648 | Orc:2    | Found Quomiul's Antique Armour Shop.
 28648 | Orc:2    | Found Foj Fox's Jewellery Boutique.
 28649 | Orc:2    | Found a one-way gate leading to the halls of Pandemonium.
 28732 | Orc:2    | Found Ecwugaga's Armour Shop.
 28812 | Orc:2    | Found Episk's Antique Armour Shop.
 28932 | Orc:2    | Bought the +3 pair of mountain boots {steadfast, rC+} for
                  | 1172 gold pieces
 28932 | Orc:2    | Found the +3 pair of mountain boots {steadfast, rC+}
 29490 | Snake:1  | Entered Level 1 of the Snake Pit
 29496 | Snake:1  | Reached skill level 15 in Spellcasting
 29591 | Snake:1  | Noticed Donald
 29602 | Snake:1  | Killed Donald
 29722 | Snake:1  | Reached skill level 1 in Ice Magic
 29768 | Snake:1  | Found Ceyqetz's Book Boutique.
 29772 | Snake:1  | Found Nakly's Antique Weapon Shop.
 29772 | Snake:1  | Found Lyecuufa's Armour Boutique.
 29776 | Snake:1  | Found Siakog's Antique Weapon Shop.
 30843 | Snake:2  | Identified the serpent talisman of Houmpoups {rF- rCorr
                  | Int+3}
 30843 | Snake:2  | Noticed Aizul
 30916 | Snake:2  | Killed Aizul
 31213 | Snake:2  | Found a transporter.
 31218 | Snake:2  | Found a transporter.
 31843 | Snake:2  | Noticed Vashnia
 31849 | Snake:2  | Reached skill level 5 in Ice Magic
 32331 | Snake:2  | Killed Vashnia
 32637 | Snake:2  | Found a runed translucent door.
 32638 | Snake:2  | Found a shimmering altar of Xom.
 32638 | Snake:2  | Noticed Casseolirch's ghost (adept GrEE)
 32639 | Snake:2  | Identified the +2 great sword "Ciostap" {chaos, Dex+3 SInv}
 33063 | Orc:2    | Bought a curved smoking staff for 420 gold pieces
 33511 | Snake:3  | Offered knowledge of Plasma Beam by Vehumet.
 33512 | Snake:3  | Reached XP level 17. HP: 99/102 MP: 36/38
 34047 | Snake:3  | Reached skill level 16 in Spellcasting
 35531 | Snake:3  | Identified the +0 robe of Xamyh {rF+ Will+ Dex+3}
 35543 | Snake:3  | Learned a level 6 spell: Plasma Beam
 35594 | Snake:4  | Entered Level 4 of the Snake Pit
 35755 | Snake:4  | Found a shadowy altar of Dithmenos.
 35795 | Snake:4  | Reached skill level 10 in Ice Magic
 36123 | Snake:4  | Offered knowledge of Orb of Destruction by Vehumet.
 36256 | Snake:4  | Reached skill level 5 in Air Magic
 37461 | Snake:4  | Reached XP level 18. HP: 106/107 MP: 23/40
 37650 | Snake:4  | Got a serpentine rune of Zot
 38039 | Elf:1    | Entered Level 1 of the Elven Halls
 38278 | Elf:1    | Paralysed by an air elemental for 1 turns
 38347 | Elf:1    | Found a glacial archway.
 38351 | Elf:1    | Reached skill level 10 in Staves
 38360 | IceCv    | Entered an ice cave
 38404 | IceCv    | Offered knowledge of Lehudib's Crystal Spear by Vehumet.
 38404 | IceCv    | Offered knowledge of Shatter by Vehumet.
 38404 | IceCv    | Offered knowledge of Chain Lightning by Vehumet.
 38633 | IceCv    | Got Sif Muna's Vademecum on Ice
 38984 | IceCv    | Found a viscous altar of Jiyva.
 39078 | IceCv    | Got the ring of Free Will {^Drain rElec rC+ Str+2}
 39079 | IceCv    | Identified the amulet "Boxowy" {Reflect rPois Dex+3 SH+5}
 39384 | Elf:1    | Found Wiwkofoy's Weapon Shop.
 39394 | Elf:1    | Reached skill level 17 in Spellcasting
 39426 | Elf:1    | Found Etwirig's General Store.
 39604 | Elf:1    | Found Heetuam's Distillery.
 39905 | Elf:1    | Reached skill level 1 in Armour
 40948 | Shoals:1 | Entered Level 1 of the Shoals
 41097 | Shoals:1 | Found Orphoq's Magic Scroll Boutique.
 41214 | Shoals:1 | Found Cipt's Weapon Boutique.
 41468 | Shoals:1 | Found Mupsuhe's Book Boutique.
 41630 | Shoals:1 | Found Muockamm's Magic Scroll Shop.
 41749 | Shoals:1 | Found Asykef's Book Shoppe.
 42471 | Shoals:2 | Noticed Frances
 42552 | Shoals:2 | Killed Frances
 42958 | Shoals:3 | Found Suadaica's Distillery.
 43908 | Shoals:4 | Entered Level 4 of the Shoals
 44036 | Shoals:4 | Reached skill level 18 in Spellcasting
 44735 | Shoals:4 | Reached XP level 19. HP: 112/112 MP: 27/43
 44737 | Shoals:4 | Reached skill level 1 in Summonings
 45918 | Shoals:4 | Found a glowing golden altar of the Shining One.
 45977 | Shoals:4 | Found a glowing silver altar of Zin.
 45991 | Shoals:4 | Got the Lectures on Cinders and Bad Luck
 46041 | Shoals:4 | Found a white marble altar of Elyvilon.
 46058 | Shoals:4 | Got a barnacled rune of Zot
 46213 | Shoals:4 | Identified the +5 whip "Cearima" {elec, rElec Str+3}
 46876 | Vaults:1 | Entered Level 1 of the Vaults
 46908 | Vaults:1 | Reached skill level 5 in Armour
 47124 | Vaults:1 | Noticed Nikola
 47661 | Vaults:1 | Killed Nikola
 48362 | Vaults:1 | Reached skill level 10 in Evocations
 48424 | Vaults:1 | Reached skill level 5 in Summonings
 48664 | Vaults:1 | Reached skill level 19 in Spellcasting
 49512 | Vaults:2 | Found Loullaj's Distillery.
 49780 | Vaults:2 | Reached skill level 20 in Spellcasting
 50059 | Vaults:2 | Found a staircase to the Crypt.
 50525 | Vaults:2 | Reached XP level 20. HP: 117/117 MP: 32/46
 50575 | Vaults:2 | Identified the +2 orcbow "Apoudd" {flame, rCorr Int+2
                  | Dex+4}
 50579 | Vaults:2 | Paralysed by a formless jellyfish for 1 turns
 51270 | Vaults:3 | Reached skill level 15 in Ice Magic
 52150 | Vaults:3 | Learned a level 5 spell: Lee's Rapid Deconstruction
 52733 | Vaults:3 | Reached skill level 15 in Fire Magic
 52857 | Vaults:3 | Found a runed translucent door.
 52857 | Vaults:3 | Noticed ViolentViolet's ghost (adept DsAl)
 53237 | Vaults:3 | Killed ViolentViolet's ghost
 53481 | Vaults:4 | Noticed Mennas
 54068 | Vaults:4 | Found Nuawn's Book Shoppe.
 55139 | Elf:2    | Identified the orb of Mowk {*Rage, rF+ Summ}
 55204 | Elf:2    | Found a shimmering blue altar of Sif Muna.
 55479 | Elf:2    | Reached XP level 21. HP: 122/122 MP: 39/47
 55691 | Elf:2    | Found a runed translucent gate.
 55691 | Elf:2    | Found a runed translucent gate.
 55692 | Elf:2    | Found a runed translucent gate.
 56065 | Elf:2    | Found Qonum Pesa's Armour Shoppe.
 56162 | Elf:2    | Paralysed by an air elemental for 1 turns
 56441 | Elf:2    | Reached skill level 21 in Spellcasting
 57647 | Snake:2  | Killed Casseolirch's ghost
 57856 | Snake:2  | Identified the amulet of Gixt {^Drain RegenMP+ Int+3}
 58188 | Elf:3    | Entered Level 3 of the Elven Halls
 58345 | Elf:3    | Identified the staff of Havoc {rPois rF+++ rCorr Str+4
                  | Dex-4 Alchemy}
 58460 | Elf:3    | Identified the +10 falchion of Corruption {flame, Str+3
                  | Dex+2 SInv}
 58478 | Elf:3    | Reached skill level 10 in Air Magic
 58705 | Elf:3    | Identified the ring of Interdependent Arising {Fire Fly}
 58823 | Elf:3    | Identified the staff of Aniet {rPois Str+3 Int-4 Conj
                  | Alchemy}
 59077 | Elf:3    | Identified the +10 great mace of Ragnarok {freeze, rCorr
                  | Dex+2}
 59182 | Elf:3    | Got the Opusculum on Overhead Malediction
 59237 | Elf:3    | Identified the +1 cloak of the Eight Boll Weevils {^Contam
                  | rPois Str-3 Dex+6}
 60266 | Snake:2  | Reached skill level 10 in Summonings
 60355 | Snake:2  | Identified the +1 ring mail of Mumblety Peg {Fly rElec
                  | Str+3 Stlth+}
 60714 | Crypt:1  | Entered Level 1 of the Crypt
 60756 | Crypt:1  | Learned a level 8 spell: Maxwell's Capacitive Coupling
 60953 | Crypt:1  | Found a magical portal.
 61146 | WizLab   | Entered Alistair's Party Mansion
 61269 | WizLab   | Reached skill level 22 in Spellcasting
 61551 | WizLab   | Reached XP level 22. HP: 127/127 MP: 21/50
 61650 | WizLab   | Got the Volume of Litharge
 61777 | WizLab   | Identified a scroll of acquirement
 61788 | WizLab   | Acquired 1212 gold pieces
 62024 | WizLab   | Identified the +9 sling of Zin's Hatred {heavy, rF++ Dex+4}
 62885 | Crypt:2  | Reached skill level 23 in Spellcasting
 63229 | Crypt:2  | Acquired 599 gold pieces
 64041 | Crypt:3  | Entered Level 3 of the Crypt
 64407 | Crypt:3  | Reached skill level 24 in Spellcasting
 64942 | Crypt:3  | Found a staircase to the Tomb.
 65624 | Crypt:3  | Reached skill level 25 in Spellcasting
 65728 | Crypt:3  | Noticed a dread lich
 65741 | Crypt:3  | Killed a dread lich
 65782 | Crypt:3  | Found a basalt altar of Yredelemnul.
 66063 | Crypt:3  | Got the Almanac of the Undead
 66292 | Crypt:3  | Identified the +1 halberd of the Median {holy, rN+ Int+3}
 66341 | Crypt:3  | Noticed Vv
 66348 | Crypt:3  | Reached skill level 26 in Spellcasting
 66351 | Crypt:3  | Killed Vv
 66540 | Crypt:3  | Reached XP level 23. HP: 126/132 MP: 48/55
 67385 | Orc:2    | Bought the +3 leather armour of Vanity {Regen+ Int+2} for
                  | 310 gold pieces
 67703 | Depths:1 | Entered Level 1 of the Depths
 67921 | Depths:1 | Reached skill level 27 in Spellcasting
 68119 | Depths:1 | Reached skill level 15 in Conjurations
 68258 | Depths:1 | Found a transporter.
 68258 | Depths:1 | Noticed Deaqeck's ghost (veteran DgCj)
 68390 | Depths:1 | Found the ring of the Tortoise {AC+8}
 68447 | Depths:1 | Found a gateway to Hell.
 68598 | Depths:1 | Found a transporter.
 68603 | Depths:1 | Noticed a dread lich
 69067 | Depths:2 | Upgraded the game from 0.32-a0-931-g5a2cda0630 to
                  | 0.32-a0-933-ga8fa3634e4
 69315 | Depths:2 | Found a one-way gateway to a ziggurat.
 69593 | Depths:2 | Reached skill level 15 in Dodging
 69715 | Depths:2 | Found a runed translucent door.
 69784 | Depths:2 | Found a runed translucent door.
 69894 | Depths:2 | Learned a level 7 spell: Spellforged Servitor
 70289 | Depths:2 | Learned a level 6 spell: Permafrost Eruption
 70347 | Depths:3 | Noticed Norris
 70446 | Depths:3 | Quit the game

Illustrated notes

Levels and vault maps discovered:
D:1:      doesnt_arrival_eight_statues, layout_loops_ring, serial_shops,
          nicolae_shop_back_alley_shop, nicolae_the_louvre
D:2:      layout_basic, serial_shops, shop, basic_altar,
          chequers_serial_rivers_micro_b
D:3:      layout_loops_ring, lightli_sewer_entry_pipes,
          shapermc_ecumenical_altar_pompeii, goddamned_bats, uniq_grinder
D:4:      cheibrodos_thug_alley, layout_layer_cave, marbit_many_paths,
          mainiacjoe_overflow_cross_hatched, uniq_menkaure, uniq_sigmund
D:5:      layout_loops_ring
D:6:      layout_basic
D:7:      layout_cave_pools, minmay_temple_entry_nine_rooms, enter_bailey_4,
          kennysheep_minor_cross, kennysheep_pointless_box, st_stairs_6,
          uniq_crazy_yiuf_cottage
D:8:      layout_gridville, uniq_psyche
D:9:      layout_cave_pools, lair_entry_dummy, hellmonk_ghost_big_iron
D:10:     layout_small_grid, serial_shops, nicolae_shop_rolling_square
D:11:     layout_basic, orc_0_dummy
D:12:     layout_cave_pools, serial_column_ruins, column_ruins_open_small,
          column_ruins_open_small, column_ruins_grid_1, column_ruins_grid_3,
          ebering_ghost_disaster_area, led_sif_book, uniq_azrael
D:13:     layout_irregular_city, ximxim_vaults_locker_room,
          chequers_serial_rivers_micro_b, uniq_jorgrun
D:14:     layout_basic, chequers_mini_garden, ebering_ghost_inner_flame,
          minivault_19, nicolae_shop_firing_range, uniq_rupert
D:15:     grunt_enter_depths_giant_problem, layout_loops_ring, xom_shifter_show,
          st_stairs_4, minmay_stone_trees_small
Temple:   mainiacjoe_temple_big_plus
Lair:1:   layout_roguey
Lair:2:   layout_small_grid, gauntlet_entry_generic, minmay_hedge_maze
Lair:3:   layout_cave_pods, nicolae_shoals_entry_roost,
          guppyfry_snake_entry_garden, grunt_megastairs_3
Lair:4:   layout_misc_corridors, basic_altar, dpeg_stationary_puzzle,
          grunt_megastairs_4, serial_bayou_shore_a, lemuel_fruit_fields,
          lemuel_fruit_tree, infiniplex_staircase_pool, serial_bayou_shore_b,
          lemuel_fruit_fields
Lair:5:   hellmonk_lair_end_abyssal_woods, layout_gridlike,
          nicolae_slime_entry_field_trip, serial_bayou_crossing,
          lemuel_fruit_fields, infiniplex_staircase_pool_2, uniq_nessos
Shoals:1: layout_shoals, serial_shops, nicolae_shop_competitors_out_of_business,
          nicolae_shop_rolled_up, shop_scrolls, shop,
          nicolae_shop_real_fake_doors
Shoals:2: layout_shoals, uniq_frances
Shoals:3: layout_shoals, serial_shops, nicolae_shop_peninsula
Shoals:4: shoals_end_hellmonk_holy_island
Snake:1:  layout_cave_pods, drop_trap, grunt_ministairs_5, serial_bayou_pond_d,
          minmay_shoptagon, serial_bayou_shore_b, serial_bayou_shore_b,
          uniq_donald
Snake:2:  gammafunk_sealed_arena, layout_gridlike, ebering_ghost_xom,
          uniq_aizul, uniq_vashnia
Snake:3:  minmay_snake_river, layout_chambers, st_stairs_11
Snake:4:  snake_pit_salamanders_mu, layout_cave_town, basic_altar
Orc:1:    layout_diamond_mine, basic_altar, ebering_ghost_reflecting_pool
Orc:2:    pf_orc_diabolical, layout_caves, serial_shops, shop_statue,
          nicolae_shop_advertising_works [nicolae_subvault_shop_adworks],
          nicolae_shop_behind_doors, shop, shop, nicolae_volcano_entry_two_sided
Elf:1:    layout_geoelf_grid, portal_ice_cave_entry_frozen_things, serial_shops,
          nicolae_shop_hallway_plus, regret_index_elf_centigrade,
          amcnicky_mini_corridor_feature, minmay_shop_star
Elf:2:    elven_hall_of_blades_hangedman_original [nicolae_blade_little_rooms],
          layout_loops_corners, serial_shops, nicolae_shop_tiny_glass,
          hangedman_summoners_spam
Elf:3:    nooodl_elf_gasket, layout_geoelf_octagon, lemuel_flamethrower_1
Vaults:1: nicolae_vaults_ellipses_ellipsis, hangedman_vaults_slither,
          v_pattern_4, nicolae_vaults_more_shelving_2, nicolae_vaults_theta,
          nicolae_vaults_closet_pinwheel_4, v_misc_18,
          nicolae_vaults_tetromino_L_2, nicolae_vaults_little_squares_2,
          vaults_dpeg_diagonal, nicolae_vaults_shipping_containers_4,
          vaults_room_pool, grunt_vaults_hallway_short,
          nicolae_vaults_tangram_1, layout_vaults_omnicross, uniq_nikola
Vaults:2: ontoclasm_vaults_hangar, vaults_mumra_chevron,
          minmay_crypt_entry_simple_sparse, nicolae_vaults_twisting_passages,
          nicolae_vaults_apartment_2, vaults_dpeg_emergency_exit,
          nicolae_vaults_house_3, nicolae_vaults_trapezoid_lopsided_4,
          v_misc_12, ontoclasm_vaults_chip, nicolae_vaults_three_branches,
          layout_vaults_omnigrid, serial_shops, nicolae_shop_hallway_stairs
Vaults:3: hellmonk_ghost_happy_afterlife, nicolae_vaults_diamond_1, v_rooms_6,
          nicolae_vaults_closet_pinwheel_5, grunt_vaults_twisty,
          lightli_orcish_oven, st_lattice, ontoclasm_vaults_misaligned,
          v_misc_3, nicolae_vaults_tetromino_L_1, hangedman_vaults_nails,
          layout_vaults_chaotic_city
Vaults:4: lemuel_angel_altar, nicolae_vaults_quartermaster,
          nicolae_vaults_little_ls, hangedman_vaults_corner_blocks, v_misc_13,
          nicolae_vaults_meiosis, ontoclasm_vaults_ligature,
          nicolae_vaults_heist, nicolae_vaults_trapezoid_lopsided_1,
          nicolae_vaults_double_plus_3, nicolae_vaults_house_3,
          nicolae_vaults_oval_intersection, layout_vaults_omnibox, serial_shops,
          shop, uniq_mennas
Crypt:1:  minmay_shadows, layout_misc_corridors, mu_enter_wizlab_2,
          ebering_dispersal_statue_hall, minivault_25, fountainhead
Crypt:2:  layout_misc_corridors, evilmike_ambush [evilmike_ambush_outer_corners,
          evilmike_ambush_inner_pond], roderic_lattice_octagonal_star
Crypt:3:  church_of_pain_bobbens, layout_chaotic_city,
          tomb_entry_simple_bobbens, uniq_vv
Depths:1: layout_honeycomb, gammafunk_ghost_mausoleum, grunt_hell_horde,
          pan_entry, st_stairs_2, chequers_big_river, moated_statue,
          minmay_guarded_unrand_tortoise
Depths:2: thingy_vault_2, layout_honeycomb, enter_ziggurat_d, hell_entry,
          pan_entry, serial_sigils_hangedman_etch,
          minmay_misc_feat_more_columns, minmay_staircase_statues
Depths:3: kennysheep_large_vault, layout_cave_pools, abyss_entry_crystal,
          hangedman_decor_peaks_small, pf_hell_entry_tar_river,
          not_door_vault_due, uniq_norris

Skill      XL: |  1  2  3  4  5  6  7  8  9 10 11 12 13 14 15 16 17 18 19 20 21 22 23 |
---------------+----------------------------------------------------------------------+-----
Conjurations   | 5 6 7 8 9 10 12 14 15 | 15.0
Spellcasting   | 4 5 6 7 10 11 12 14 15 16 18 20 22 26 27 | 27.0
Translocations | 1 2 3 4 |  4.0
Air Magic      | 1 2 6 8 12 14 | 14.0
Alchemy        | 1 2 3 4 5 |  5.0
Fire Magic     | 2 6 8 9 10 12 14 16 | 16.0
Fighting       | 1 4 5 6 8 10 | 10.9
Dodging        | 4 6 8 10 12 16 | 16.0
Stealth        | 4 7 9 10 | 10.0
Earth Magic    | 3 6 8 |  8.1
Evocations     | 3 6 8 10 | 10.0
Staves         | 2 3 6 9 10 | 10.0
Shields        | 5 9 10 | 10.0
Hexes          | 4 6 |  6.0
Ice Magic      | 5 10 12 14 17 18 | 18.0
Armour         | 3 5 |  5.0
Summonings     | 6 10 | 10.0

Action                     |  1- 3 |  4- 6 |  7- 9 | 10-12 | 13-15 | 16-18 | 19-21 | 22-24 || total
---------------------------+-------+-------+-------+-------+-------+-------+-------+-------++-------
  Melee: Staff             |       |       |       |       |    11 |    12 |     4 |    11 ||    38
   Fire: Sling             |       |    12 |    29 |    21 |     4 |       |       |       ||    66
   Cast: Magic Dart        |    44 |    91 |    92 |   183 |   228 |   594 |   371 |    87 ||  1690
         Searing Ray       |     2 |    11 |    23 |    22 |    17 |     2 |       |       ||    77
         Mephitic Cloud    |       |     2 |    15 |     6 |     4 |     1 |     3 |       ||    31
         Fulminant Prism   |       |       |    20 |    27 |    41 |    14 |     5 |       ||   107
         Iskenderun's Myst |       |       |    10 |    82 |   163 |   147 |   122 |    75 ||   599
         Freezing Cloud    |       |       |     1 |   104 |   169 |   253 |   165 |    34 ||   726
         Starburst         |       |       |       |    20 |     5 |    16 |    55 |    43 ||   139
         Fireball          |       |       |       |       |    97 |   108 |    68 |    41 ||   314
         Iskenderun's Batt |       |       |       |       |    17 |   118 |   118 |    19 ||   272
         Yara's Violent Un |       |       |       |       |       |     1 |     5 |       ||     6
         Plasma Beam       |       |       |       |       |       |    55 |   295 |   221 ||   571
         Blink             |       |       |       |       |       |       |     2 |       ||     2
         Lee's Rapid Decon |       |       |       |       |       |       |    15 |     4 ||    19
         Maxwell's Capacit |       |       |       |       |       |       |     1 |    61 ||    62
         Spellforged Servi |       |       |       |       |       |       |       |     7 ||     7
  Evoke: Wand              |       |       |       |       |       |       |     4 |     3 ||     7
         Phantom mirror    |       |       |       |       |       |       |     1 |       ||     1
    Use: Scroll            |     4 |       |     7 |    11 |    11 |     2 |     4 |     4 ||    43
         Potion            |       |       |       |     2 |       |     3 |     7 |     2 ||    14
   Stab: Sleeping          |       |       |       |       |     1 |       |       |       ||     1
 Armour: Robe              |     1 |    41 |    31 |    10 |    78 |   178 |   253 |   104 ||   696
         Steam dragon scal |       |       |       |    72 |    18 |       |       |       ||    90
         Skin              |       |       |       |       |       |     1 |       |       ||     1
         Leather armour    |       |       |       |       |       |       |       |   121 ||   121
  Dodge: Dodged            |     1 |    27 |    33 |    65 |    45 |    74 |    96 |    90 ||   431
  Block: Kite shield       |       |       |       |       |    22 |   132 |   151 |   139 ||   444

Table legend: (Time is in decaauts)
 A = Elapsed time spent in this place.
 B = Non-inter-level travel time spent in this place.
 C = Inter-level travel time spent in this place.
 D = Time resting spent in this place.
 E = Time spent auto-exploring this place.
 F = Levels seen in this place.
 G = Mean time per level.
                   A        B        C        D        E       F      G
               +--------+--------+--------+--------+--------+-----+--------+
         Total |  70634 |  61719 |   8915 |  12514 |  35171 |  49 | 1441.5 |
       Dungeon |  20209 |  16414 |   3795 |   1817 |  11931 |  15 | 1347.3 |
        Temple |     77 |      1 |     76 |      0 |      0 |   1 |   77.0 |
          Lair |   7226 |   5700 |   1526 |    582 |   3832 |   5 | 1445.2 |
        Shoals |   5708 |   5481 |    227 |   1843 |   2671 |   4 | 1427.0 |
     Snake Pit |   9173 |   7722 |   1451 |   1529 |   4666 |   4 | 2293.2 |
  Orcish Mines |   3218 |   2511 |    707 |    234 |   1656 |   2 | 1609.0 |
   Elven Halls |   5478 |   5171 |    307 |   1503 |   2101 |   3 | 1826.0 |
        Vaults |   7837 |   7359 |    478 |   1993 |   3802 |   4 | 1959.2 |
         Crypt |   5081 |   4841 |    240 |   1628 |   1784 |   3 | 1693.7 |
        Depths |   2622 |   2518 |    104 |    207 |   1658 |   3 |  874.0 |
        Bailey |    644 |    644 |      0 |     84 |    226 |   1 |  644.0 |
      Ice Cave |    936 |    936 |      0 |    422 |    111 |   1 |  936.0 |
       Volcano |    572 |    572 |      0 |     91 |    312 |   1 |  572.0 |
        Wizlab |    922 |    922 |      0 |    284 |    125 |   1 |  922.0 |
      Gauntlet |    922 |    922 |      0 |    296 |    294 |   1 |  922.0 |
               +--------+--------+--------+--------+--------+-----+--------+

Top non-repeatable levels by time:
 Snake:1: 2530 daAuts
Vaults:3: 2511 daAuts
 Snake:2: 2346 daAuts
Vaults:2: 2305 daAuts
Vaults:1: 2235 daAuts
     D:3: 2225 daAuts
 Snake:3: 2158 daAuts
 Crypt:3: 2143 daAuts
 Snake:4: 2138 daAuts
Shoals:3: 2109 daAuts
   Orc:2: 2026 daAuts
    D:10: 1976 daAuts
   Elf:2: 1969 daAuts
     D:4: 1969 daAuts
   Elf:1: 1928 daAuts
